 Dungeon Crawl Stone Soup version 0.21-a0-356-g45b0a09 (webtiles) character file.

319 Hasart the Chiller (level 6, -7/36 HPs)
             Began as an Octopode Ice Elementalist on Oct 13, 2017.
             Mangled by Grinder (9 damage)
             ... while paralysed by Grinder
             ... on level 3 of the Dungeon.
             The game lasted 00:06:54 (3522 turns).

Hasart the Chiller (Octopode Ice Elementalist)      Turns: 3522, Time: 00:06:55

Health: -7/36      AC:  1    Str:  7    XL:     6   Next: 46%
Magic:  11/11      EV:  2    Int: 19    God:
Gold:   160        SH:  0    Dex: 13    Spells: 3/11 levels left

rFire    . . .     SeeInvis .   w - +2 mace (crush)
rCold    . . .     Gourm    .   q - +0 buckler
rNeg     + . .     Faith    .   (helmet restricted)
rPois    +         Spirit   .   (no amulet)
rElec    .         Reflect  .   l - ring of poison resistance
rCorr    .         Harm     .   x - ring of positive energy
MR       .....                  (no ring)
Stlth    +++.......             (no ring)
HPRegen  0.12/turn              (no ring)
MPRegen  0.12/turn              (no ring)
                                (no ring)
                                (no ring)

@: paralysed
A: almost no armour, stealthy swim, amphibious, 8 rings, constrict 8, camouflage
1, gelatinous body 1
a: no special abilities


You were on level 3 of the Dungeon.
You were hungry.

You visited 1 branch of the dungeon, and saw 4 of its levels.

You collected 160 gold pieces.

Inventory:

Hand Weapons
 w - a +2 mace of crushing (weapon)
Armour
 q - a +0 buckler (worn)
Jewellery
 l - a ring of poison resistance (left tentacle)
 u - an uncursed ring of fire
 x - a ring of positive energy (right tentacle)
Scrolls
 d - a scroll of noise {unknown}
 g - 3 scrolls of remove curse
 i - 2 scrolls of blinking {unknown}
 j - a scroll of immolation {unknown}
 k - 3 scrolls of teleportation
 n - 2 scrolls of magic mapping {unknown}
 p - 3 scrolls of recharging {unknown}
 s - a scroll of fog {unknown}
 y - a scroll of identify {unknown}
Potions
 c - 3 potions of lignification
 e - 3 potions of flight {unknown}
 m - 4 potions of curing {unknown}
 o - a potion of degeneration {unknown}
 v - a potion of brilliance {unknown}
Books
 a - a book of Frost

   Spells                             Type                      Level
   a - Freeze                         Ice                          1
   b - Throw Frost                    Conjuration/Ice              2
   c - Ozocubu's Armour               Charms/Ice                   3
   d - Throw Icicle                   Conjuration/Ice              4
   e - Summon Ice Beast               Ice/Summoning                4
Comestibles
 b - 2 bread rations
 f - 2 royal jellies
 h - a meat ration
 t - a fruit


   Skills:
 - Level 2.0 Dodging
 - Level 2.6 Stealth
 + Level 2.5 Shields
 + Level 3.4 Spellcasting
 - Level 1.0 Conjurations
 * Level 5.5 Ice Magic


You had 3 spell levels left.
You knew the following spells:

 Your Spells              Type           Power        Failure   Level  Hunger
a - Freeze                Ice            ###.         1%          1    None
b - Throw Icicle          Conj/Ice       ###.....     41%         4    ####...
c - Ozocubu's Armour      Chrm/Ice       ##......     17%         3    ###....


Dungeon Overview and Level Annotations

Branches:
Dungeon (4/15)
 Temple: D:4-7

Altars:
Xom

Annotations:
D:2 1 runed door
D:3 Grinder
D:4 Ijyb, Menkaure


Innate Abilities, Weirdness & Mutations

You cannot wear most types of armour.
You are very stealthy in the water. (Stealth+)
You are amphibious.
You can wear up to eight rings at the same time.
You can use your tentacles to constrict eight enemies at once.
Your skin changes colour to match your surroundings (Stealth+).
Your rubbery body absorbs attacks. (AC +1, EV +1)


Message History

You cannot move.
Grinder hits you.
You hit Grinder.
Grinder is almost dead.
You feel less wooden. Grinder gestures at you. Pain shoots through your body!
* * * LOW HITPOINT WARNING * * *
You closely miss Grinder. Your grab misses Grinder.
Grinder is almost dead.
Grinder hits you but does no damage. Grinder gestures at you.
You suddenly lose the ability to move!
Grinder gestures at you. Pain shoots through your body!
* * * LOW HITPOINT WARNING * * *
Grinder hits you.
* * * LOW HITPOINT WARNING * * *
Grinder hits you!
You die...

##.#.###########.#########.#
...#.# #.# #.# ####.########
#.# #.# ............####.#
#.# ####...........#.# #.# #
#...........#.# #.# #
#######....<#.# #.# #
#.....#5# #.# # #.....#@#
#.# # #######.....#.# #.# #
#......######.# #.# #
#......# #.# #.# # #......#
#.# #.# ####......# #.# #.#
[..#......# #.# #.#
...#......######.# #.#
.................. #.#


You could see Grinder.

Vanquished Creatures
  An ogre (D:3)
  A howler monkey (D:3)
  Natasha (thrice) (D:2)
  6 adders
  A gnoll (D:1)
  A worm (D:3)
  A dart slug (D:1)
  2 leopard geckos
  2 orcs
  A ball python (D:1)
  5 bats
  A giant cockroach (D:2)
  4 hobgoblins
  8 jackals
  3 quokkas
  3 frilled lizards (D:2)
  6 goblins
  5 kobolds
  4 rats
58 creatures vanquished.

Notes
Turn   | Place    | Note
-------+----------+-------------------------------------------
     0 | D:1      | Hasart the Octopode Ice Elementalist began the quest for the Orb.
     0 | D:1      | Reached XP level 1. HP: 11/11 MP: 3/3
   379 | D:1      | Reached XP level 2. HP: 12/17 MP: 0/5
  1182 | D:2      | Reached XP level 3. HP: 21/21 MP: 1/6
  1512 | D:2      | Found a runed door.
  1519 | D:2      | Learned a level 3 spell: Ozocubu's Armour
  1630 | D:2      | Reached skill level 4 in Ice Magic
  1667 | D:2      | Noticed Natasha
  1674 | D:2      | Killed Natasha
  1674 | D:2      | Reached skill level 1 in Shields
  1674 | D:2      | Reached XP level 4. HP: 10/27 MP: 4/7
  2006 | D:2      | Noticed Natasha
  2007 | D:2      | Learned a level 4 spell: Throw Icicle
  2012 | D:2      | Killed Natasha
  2082 | D:2      | Noticed Natasha
  2089 | D:2      | Killed Natasha
  2089 | D:2      | Reached XP level 5. HP: 29/31 MP: 5/9
  2752 | D:3      | Reached skill level 5 in Ice Magic
  2964 | D:3      | Noticed an ogre
  2967 | D:3      | Found a shimmering altar of Xom.
  3059 | D:3      | Reached XP level 6. HP: 35/36 MP: 10/10
  3091 | D:4      | Noticed Menkaure
  3111 | D:4      | Noticed Ijyb
  3113 | D:4      | Noticed an ice beast
  3465 | D:3      | Noticed Grinder
  3481 | D:3      | Paralysed by Grinder for 4 turns
  3491 | D:3      | Paralysed by Grinder for 6 turns
  3505 | D:3      | Paralysed by Grinder for 5 turns
  3519 | D:3      | Paralysed by Grinder for 4 turns
  3521 | D:3      | HP: 1/36 [Grinder (5)]
  3522 | D:3      | Mangled by Grinder

Vault maps used:
D:1:      dpeg_arrival_houses_and_road
D:2:      uniq_natasha, uniq_crazy_yiuf_cottage
D:3:      nicolae_overflow_crystal_walls, uniq_grinder
D:4:      corner_web_ring, minmay_misc_feat_tower, st_stairs_3,
          xom_teletrap_fun, uniq_menkaure, uniq_ijyb

Skill      XL: |  1  2  3  4  5 |
---------------+----------------+-----
Ice Magic      | 4 5 |  5.5
Shields        | 1 2 |  2.5
Spellcasting   | 3 |  3.4
Dodging        | |  2.0
Stealth        | |  2.6
Conjurations   | |  1.0

Action                   |  1- 3 |  4- 6 || total
-------------------------+-------+-------++-------
Melee: Mace              |    37 |    60 ||    97
       Constrict         |     7 |    10 ||    17
       Tentacles         |     1 |     3 ||     4
 Cast: Freeze            |    17 |    37 ||    54
       Ozocubu's Armour  |     2 |     2 ||     4
  Use: Scroll            |       |     2 ||     2
       Potion            |       |     1 ||     1
 Stab: Sleeping          |     4 |     9 ||    13
  Eat: Chunk             |     3 |     5 ||     8
Armor: Skin              |     6 |    23 ||    29
Dodge: Dodged            |    34 |    32 ||    66
Block: Buckler           |       |    15 ||    15

Table legend:
 A = Spawn XP
 B = Non-spawn XP
 C = Spawn XP percentage of total XP
 D = Spawn monster count
 E = Non-spawn monster count
 F = Spawn count percentage of total count
 G = Total turns spent on level
                    A         B        C        D         E        F      G
               +---------+---------+-------+---------+---------+-------+---------
         Total |       0 |     457 |   0.0 |       0 |      58 |   0.0 |  3522
               +---------+---------+-------+---------+---------+-------+---------
           D:1 |       0 |      27 |   0.0 |       0 |       8 |   0.0 |  1089
           D:2 |       0 |     174 |   0.0 |       0 |      24 |   0.0 |  1319
           D:3 |       0 |     253 |   0.0 |       0 |      25 |   0.0 |  1076
           D:4 |       0 |       3 |   0.0 |       0 |       1 |   0.0 |    38
               +---------+---------+-------+---------+---------+-------+---------
